 Dungeon Crawl Stone Soup version 0.26.0-10-g1f06aea511 (webtiles) character file.

Game seed: 5710746028718575540

26 Dani the Sneak (level 2, -3/24 HPs)
             Began as a Mummy Delver on Feb 4, 2021.
             Slain by a centaur (7 damage)
             ... on level 4 of the Dungeon.
             The game lasted 00:04:37 (536 turns).

Dani the Sneak (Mummy Delver)                        Turns: 536, Time: 00:04:37

Health: -3/24      AC:  3    Str: 15    XL:     2   Next: 89%
Magic:  2/2        EV: 12    Int:  9    God:
Gold:   11         SH:  0    Dex: 13    Spells: 1/1 levels left

rFire    x . .     SeeInvis .   a - +0 mace
rCold    + . .     Faith    .   (no shield)
rNeg     + + +     Spirit   .   b - +0 leather armour
rPois    ∞         Reflect  .   (no helmet)
rElec    .         Harm     .   (no cloak)
rCorr    .         Rampage  .   (no gloves)
Will     .....                  (no boots)
Stlth    ++........             (no amulet)
HPRegen  0.08/turn              (no ring)
MPRegen  0.08/turn              (no ring)

@: no status effects
A: no potions, fire vulnerability, cold resistance 1, negative energy resistance
3, torment resistance, unbreathing
a: no special abilities


You were on level 4 of the Dungeon.
You visited 1 branch of the dungeon, and saw 2 of its levels.

You collected 11 gold pieces.

Inventory:

Hand Weapons
 a - a +0 mace (weapon)
Armour
 b - a +0 leather armour (worn)
Wands
 D - a wand of digging (3)
Scrolls
 c - a scroll of fog
 M - a scroll of magic mapping


   Skills:
 - Level 3.0 Fighting
 + Level 2.8 Maces & Flails
 - Level 1.5 Dodging
 - Level 4.1 Stealth


You had one spell level left.
You didn't know any spells.
Your spell library was empty.

Dungeon Overview and Level Annotations

Branches:
Dungeon (5/15)
 Temple: D:4-7

Altars:
Fedhas

Annotations:
D:4 exclusion: scorpion


Innate Abilities, Weirdness & Mutations

You do not drink.
Your flesh is vulnerable to fire.
You are immune to poison.
Your flesh is cold resistant. (rC+)
You are immune to negative energy. (rN+++)
You are immune to unholy pain and torment.
You can survive without breathing.


Message History

As you read the scroll of fear, it crumbles to dust.
You assume a fearsome visage.
The worm looks frightened!
The adder looks frightened!
The worm looks frightened!
The adder seems to regain its courage.
Okay, then.
You hear the slow rusting of a distant drain.
You closely miss the adder.
The adder is moderately wounded.
The adder closely misses you.
You hit the adder.
The adder is heavily wounded.
The adder completely misses you. The adder bites you but does no damage.
You closely miss the adder.
The adder is heavily wounded.
The adder barely misses you. The adder bites you.
* * * LOW HITPOINT WARNING * * *
You thump the adder!
You kill the adder!
You start resting.
A worm is nearby!
You hear the slow rusting of a very distant drain.
Found a scroll labelled FOSOUR VOMOSKO.
You start resting.
You hear the slow rusting of a very distant drain.
You start resting.
You hear the rusting of a very distant drain.
A scorpion comes into view.
Unknown command.
You start resting.
You hear the rusting of a very distant drain.
A worm is nearby!
You start resting.
You hear the brisk rusting of a distant drain.
You start resting.
A worm is nearby!
You start resting.
A worm is nearby!
You hit the worm.
The worm is lightly wounded.
The worm bites you but does no damage.
You hit the worm.
The worm is moderately wounded.
The worm closely misses you.
You hit the worm.
The worm is moderately wounded.
The worm bites you.
You barely miss the worm.
The worm is lightly wounded.
The worm misses you.
You sock the worm!
The worm is heavily wounded.
You sock the worm!
You kill the worm!
You see here a worm corpse.
You hear the brisk rusting of a distant drain.
A worm is nearby!
You enter the shallow water.
Moving in this stuff is going to be slow. 2 adders, a rat, a river rat and a worm come into view.
The adder hisses angrily. x2
You hear the brisk rusting of a distant drain.
You barely miss the worm. The worm bites you!
* * * LOW HITPOINT WARNING * * *
You hit the worm but do no damage. You barely miss the worm.
The worm bites you.
* * * LOW HITPOINT WARNING * * *
You hit the worm.
The worm is lightly wounded.
You completely miss the worm. The worm closely misses you.
You barely miss the worm. The worm closely misses you.
You hit the worm.
The worm is lightly wounded.
The worm closely misses you.
You hit the worm.
The worm is moderately wounded.
The worm bites you but does no damage.
You see here a worm corpse.
You hit the worm but do no damage.
The worm is lightly wounded.
The worm bites you!
* * * LOW HITPOINT WARNING * * *
A leopard gecko skeleton comes into view.
You hear the quick rusting of a very distant drain.
An orc and an orc priest come into view.
The orc throws a stone.
The stone hits you but does no damage.
You see here a stone.
The orc priest shouts!
You hear a shout! x2
Found a scroll labelled FOSOUR VOMOSKO.
An adder comes into view.
Found a blossoming altar of Fedhas.
A centaur skeleton comes into view.
A centaur comes into view.
You hear the quick rusting of a very distant drain.
The centaur shouts!
The centaur wields a +0 shortbow.
The centaur shoots an arrow.
The arrow hits you!
* * * LOW HITPOINT WARNING * * *
You see here an arrow.
The centaur unwields a +0 shortbow.
The centaur hits you!
You die...

# # # ## #
..#################
#.#................
#.#(###############
###.#Z#...#
#...@c..#
#.#..Z....#
###.##### #.# #.#
#.# ..# ##


You could see a centaur, a leopard gecko skeleton and a centaur skeleton.

Vanquished Creatures
  2 adders (D:4)
  An adder skeleton (D:4)
  A worm (D:4)
4 creatures vanquished.

Notes
Turn   | Place    | Note
-------+----------+-------------------------------------------
     0 | D:5      | Dani the Mummy Delver began the quest for the Orb.
     0 | D:5      | Reached XP level 1. HP: 18/18 MP: 1/1
    16 | D:5      | Noticed a scorpion
    44 | D:5      | Noticed an orc priest
    45 | D:5      | Noticed an orc priest
    60 | D:4      | Reached skill level 2 in Maces & Flails
    60 | D:4      | Reached XP level 2. HP: 20/24 MP: 2/2
    70 | D:4      | HP: 4/24 [adder (5)]
    95 | D:4      | HP: 1/24 [adder (5)]
   246 | D:4      | Noticed a scorpion
   465 | D:4      | HP: 5/24 [worm (10)]
   512 | D:4      | Found a blossoming altar of Fedhas.
   534 | D:4      | Noticed a centaur
   534 | D:4      | HP: 4/24 [centaur/arrow (7)]
   536 | D:4      | Slain by a centaur

Illustrated notes

Levels and vault maps discovered:
D:4:      layout_basic, old_standard_altar, serial_shops, nicolae_shop_stone,
          lightli_sewer_entry_pipes
D:5:      layout_basic, minmay_large_rounded_square, bloody_makhleb

Skill      XL: |  1 |
---------------+----+-----
Maces & Flails | 2 |  2.8
Fighting       | |  3.0
Dodging        | |  1.5
Stealth        | |  4.1

Action                   || total
-------------------------++-------
Melee: Mace              ||    38
  Use: Scroll            ||     1
Armor: Leather armour    ||    15
Dodge: Dodged            ||    25

Table legend: (Time is in decaauts)
 A = Elapsed time spent in this place.
 B = Non-inter-level travel time spent in this place.
 C = Inter-level travel time spent in this place.
 D = Time resting spent in this place.
 E = Time spent auto-exploring this place.
 F = Levels seen in this place.
 G = Mean time per level.
                   A        B        C        D        E       F      G
               +--------+--------+--------+--------+--------+-----+--------+
         Total |    555 |    555 |      0 |    212 |      0 |   2 |  277.5 |
       Dungeon |    555 |    555 |      0 |    212 |      0 |   2 |  277.5 |
               +--------+--------+--------+--------+--------+-----+--------+

Top non-repeatable levels by time:
     D:4: 508 daAuts
     D:5: 47 daAuts

Table legend:
 A = Kills in this place as a percentage of kills in entire the game.
 B = Kills by you in this place as a percentage of kills by you in the entire game.
 C = Kills by friends in this place as a percentage of kills by friends in the entire game.
 D = Other kills in this place as a percentage of other kills in the entire game.
 E = Experience gained in this place as a percentage of experience gained in the entire game.
 F = Experience gained in this place divided by the number of levels of this place that you have seen.
                   A       B       C       D       E      F
               +-------+-------+-------+-------+-------+----------------------
         Total | 100.0 | 100.0 |   N/A |   N/A | 100.0 |  19.0
       Dungeon | 100.0 | 100.0 |   N/A |   N/A | 100.0 |  19.0
               +-------+-------+-------+-------+-------+----------------------
